 Dungeon Sprint DCSS version 0.27-a0-1532-gca18f49f40 (webtiles) character file.

Game seed: 4899182132894429380

1467 rocky1 the Blocker (level 9, -8/68 HPs)
             Began as a Djinni Fighter on July 13, 2021.
             Was a High Priest of Makhleb.
             Mangled by a shadow wraith (14 damage)
             ... in the Dungeon (Sprint VII: "The Pits").
             The game lasted 00:04:20 (1345 turns).

rocky1 the Blocker (Djinni Fighter)                 Turns: 1345, Time: 00:04:21

Health: -8/68      AC: 10    Str: 16    XL:     9   Next: 6%
Gold:   0          EV: 11    Int: 12    God:    Makhleb [*****.] SH: 11 Dex: 13

rFire    + + .     SeeInvis .   b - +0 long sword (flame)
rCold    x . .     Faith    .   c - +0 kite shield
rNeg     . . .     Spirit   .   m - +3 scale mail
rPois    ∞         Reflect  .   (no helmet)
rElec    .         Harm     .   (no cloak)
rCorr    .         Rampage  .   (no gloves)
Will     .....     NoTele   +   (boots unavailable)
Stlth    ..........             (no amulet)
HPRegen  0.21/turn              (no ring)
MPRegen  0.00/turn              (no ring)

@: on berserk cooldown, flying, slowed, very slow
A: sickness immunity, fire resistance 2, cold vulnerability 1, float, innate
caster, hp casting, extra vitality 1
a: Renounce Religion, Minor Destruction, Lesser Servant of Makhleb, Major
Destruction, Greater Servant of Makhleb


You were in the Dungeon.
You worshipped Makhleb.
Makhleb was extremely pleased with you.
You visited 1 branch

Inventory:

Hand Weapons
 a - a +0 long sword
 b - a +0 long sword of flaming (weapon)
Armour
 c - a +0 kite shield (worn)
 m - a +3 scale mail (worn)
Scrolls
 i - a scroll of blinking
 l - a scroll of summoning
Potions
 d - a potion of might
 e - 6 potions of curing
 f - 4 potions of heal wounds
 g - a potion of haste
 h - a potion of berserk rage
 j - 2 potions of magic
 k - 2 potions of invisibility


   Skills:
 + Level 7.0 Fighting
 + Level 8.5 Long Blades
 + Level 7.1 Armour
 + Level 6.8 Dodging
 + Level 9.6 Shields
 + Level 4.6 Spellcasting
 + Level 6.1 Invocations


You had 9 spell levels left.
You knew the following spells:

 Your Spells              Type           Power      Damage    Failure   Level
a - Sting                 Tmut/Pois      56%        1d5       19%         1
b - Static Discharge      Conj/Air       14%        N/A       28%         2
c - Passwall              Tmut/Erth      11%        N/A       28%         2
d - Inner Flame           Hex/Fire       14%        N/A       50%         3
Your spell library was empty.

Dungeon Overview and Level Annotations

Branches:
Dungeon (1/1)

Altars:
Ashenzari
Cheibriados
Dithmenos
Elyvilon
Fedhas
Gozag
Hepliaklqana
Kikubaaqudgha
Makhleb
Nemelex Xobeh
Okawaru
Qazlal
Ru
Sif Muna
Trog
Uskayaw
Vehumet
Wu Jian
Xom
Yredelemnul
Zin
The Shining One
Beogh
Jiyva
Lugonu


Innate Abilities, Weirdness & Mutations

You are immune to sickness and miasma.
You are immune to poison.
Your flesh is very heat resistant. (rF++)
You are vulnerable to cold. (rC-)
You float through the air rather than walking.
You learn spells naturally, not from books.
Your magical power is your life essence.
You have superior vitality. (+4 HP)


Message History

You slash something! You burn something. You block something's attack.
You hit something. You burn something. Something hits you!!
* * * LOW HITPOINT WARNING * * *
Something drains your vigour!
You feel as though you will be slow longer.
You slash something! You burn something. Something hits you!
* * * LOW HITPOINT WARNING * * *
You slash something! You burn something. Makhleb accepts your kill.
You feel better.
Reactivating autopickup.
You feel a bit more experienced.
Your Fighting skill increases to level 7!
Your Armour skill increases to level 7!
Your Dodging skill increases to level 6!
Your Invocations skill increases to level 6!
You have reached level 9!
Your experience leads to an increase in your attributes!
Increase (S)trength, (I)ntelligence, or (D)exterity?
You feel clever.
The power to cast Inner Flame wells up from within.
Spell assigned to 'd'.
Deactivating autopickup; reactivate with Ctrl-A.
You slice something!! You burn something. Something hits you!
* * * LOW HITPOINT WARNING * * *
Something drains your vigour!
You feel as though you will be slow longer.
The kobold brigand throws a poisoned dart.
You block the poisoned dart.
You closely miss something. Something hits you.
* * * LOW HITPOINT WARNING * * *
You barely miss something.
You are no longer berserk.
You are exhausted.
You feel as though you will be slow longer.
Something hits you but does no damage.
The kobold brigand throws a poisoned dart.
You hit something but do no damage. Something hits you but does no damage.
Something hits you!
You die...

#.#..'...#†##.......#
#.#..'...'.##.......#
#.#..########...<...#
#)#..'[))..##.......#
#.#..#[))).##.......#
#'###########.......#
#.......#..##########
#...#...#.## ###
#...#...#@# .K.#
#.##.##.#)#....#
#...#...#K'....+
#...#...#'#....#
#.......'.#....#
########### ####


You could see a kobold brigand.

Vanquished Creatures
  A shadow wraith (D)
  A cyclops (D)
  A fire bat (D)
  2 floating eyes (D)
  A necrophage (D)
  A phantom (D)
  2 orc wizards (D)
  2 river rats (D)
  An orc (D)
  A giant cockroach (D)
  2 goblins (D)
  4 hobgoblins (D)
  A bat (D)
  A frilled lizard (D)
  A rat (D)
22 creatures vanquished.

Notes
Turn   | Place    | Note
-------+----------+-------------------------------------------
     0 | D        | rocky1 the Djinni Fighter began the quest for the Orb.
     0 | D        | Reached XP level 1. HP: 20/20 MP: 0/0
    86 | D        | Found a bloodstained altar of Trog.
    86 | D        | Found a viscous altar of Jiyva.
    86 | D        | Found a hazy altar of Hepliaklqana.
    86 | D        | Found an opulent altar of Gozag.
    87 | D        | Found a glowing golden altar of the Shining One.
    87 | D        | Found a glowing silver altar of Zin.
    87 | D        | Found a basalt altar of Yredelemnul.
    87 | D        | Found a shimmering altar of Xom.
    87 | D        | Found an ornate altar of the Wu Jian Council.
    87 | D        | Found a sacrificial altar of Ru.
    87 | D        | Found a stormy altar of Qazlal.
    87 | D        | Found an iron altar of Okawaru.
    87 | D        | Found a sparkling altar of Nemelex Xobeh.
    87 | D        | Found a burning altar of Makhleb.
    87 | D        | Found a blossoming altar of Fedhas.
    87 | D        | Found a white marble altar of Elyvilon.
    87 | D        | Found a shadowy altar of Dithmenos.
    87 | D        | Found a snail-covered altar of Cheibriados.
    90 | D        | Found a corrupted altar of Lugonu.
    91 | D        | Found a hide-covered altar of Uskayaw.
    91 | D        | Found a broken altar of Ashenzari.
    99 | D        | Became a worshipper of Makhleb the Destroyer
   190 | D        | Reached * piety under Makhleb
   200 | D        | Reached XP level 2. HP: 24/25 MP: 0/0
   314 | D        | Noticed a floating eye
   321 | D        | Paralysed by a floating eye for 3 turns
   326 | D        | Killed a floating eye
   327 | D        | Reached skill level 7 in Shields
   327 | D        | Reached XP level 3. HP: 30/30 MP: 0/0
   327 | D        | Learned a level 1 spell: Sting
   327 | D        | Reached XP level 4. HP: 35/35 MP: 0/0
   327 | D        | Reached XP level 5. HP: 40/40 MP: 0/0
   327 | D        | Learned a level 2 spell: Static Discharge
   466 | D        | Reached ** piety under Makhleb
   599 | D        | Noticed a floating eye
   600 | D        | Noticed a fire bat
   604 | D        | Paralysed by a floating eye for 2 turns
   609 | D        | Paralysed by a floating eye for 4 turns
   614 | D        | Paralysed by a floating eye for 2 turns
   617 | D        | Killed a fire bat
   618 | D        | Reached XP level 6. HP: 17/47 MP: 0/0
   622 | D        | Killed a floating eye
   622 | D        | Reached *** piety under Makhleb
   623 | D        | Reached skill level 8 in Shields
   843 | D        | Reached **** piety under Makhleb
   844 | D        | Reached skill level 5 in Fighting
   844 | D        | Reached skill level 5 in Armour
   844 | D        | Reached XP level 7. HP: 54/54 MP: 0/0
   844 | D        | Learned a level 2 spell: Passwall
   846 | D        | Noticed a cyclops
   854 | D        | Killed a cyclops
   855 | D        | Reached skill level 5 in Dodging
   855 | D        | Reached skill level 9 in Shields
   855 | D        | Reached skill level 5 in Invocations
   855 | D        | Reached XP level 8. HP: 19/61 MP: 0/0
  1215 | D        | Reached ***** piety under Makhleb
  1341 | D        | Killed a shadow wraith
  1342 | D        | Reached XP level 9. HP: 22/68 MP: 0/0
  1342 | D        | Learned a level 3 spell: Inner Flame
  1345 | D        | Mangled by a shadow wraith

Illustrated notes

Levels and vault maps discovered:
D:        pitsprint [storerooms_1, entrance_room_1, metal_vault_3, armoury_1,
          mini_pit_1, grid_room_1, main_hall_1, silver_pit, the_coven_3,
          the_vestibule_1, steel_vault_2, golden_pit, hallway_of_sentries,
          crystal_vault_4, iron_vault_1, final_vault]

Skill      XL: |  1  2  3  4  5  6  7  8 |
---------------+-------------------------+-----
Long Blades    | 2 6 7 8 |  8.5
Shields        | 7 8 9 |  9.6
Fighting       | 4 5 6 7 |  7.0
Armour         | 4 5 6 7 |  7.1
Dodging        | 2 4 5 6 |  6.8
Spellcasting   | 2 3 4 |  4.6
Invocations    | 2 3 5 6 |  6.1

Action                   |  1- 3 |  4- 6 |  7- 9 || total
-------------------------+-------+-------+-------++-------
Melee: Long sword        |    14 |    59 |    51 ||   124
  Use: Potion            |       |     1 |     3 ||     4
Armor: Scale mail        |    10 |    28 |    22 ||    60
Dodge: Dodged            |     3 |    11 |     6 ||    20
Block: Kite shield       |     6 |    23 |     9 ||    38
       Rpst.: Long sword |     1 |     5 |     4 ||    10

Table legend: (Time is in decaauts)
 A = Elapsed time spent in this place.
 B = Non-inter-level travel time spent in this place.
 C = Inter-level travel time spent in this place.
 D = Time resting spent in this place.
 E = Time spent auto-exploring this place.
 F = Levels seen in this place.
 G = Mean time per level.
                   A        B        C        D        E       F      G
               +--------+--------+--------+--------+--------+-----+--------+
         Total |   1379 |   1362 |     17 |    986 |      0 |   1 | 1379.0 |
       Dungeon |   1379 |   1362 |     17 |    986 |      0 |   1 | 1379.0 |
               +--------+--------+--------+--------+--------+-----+--------+

Top non-repeatable levels by time:
       D: 1379 daAuts
